 Dungeon Crawl Stone Soup version 0.29.1-1-gd02db6906a (webtiles) character file.

Game seed: 2574841736339741424

1739 porpoise the Spear-Bearer (level 9, -7/72 HPs)
             Began as a Formicid Abyssal Knight on Oct 3, 2022.
             Was a High Priest of Lugonu.
             Shot with a bolt by an orc warrior (24 damage)
             ... on level 6 of the Dungeon.
             The game lasted 00:25:48 (8311 turns).

porpoise the Spear-Bearer (Formicid Abyssal Knight) Turns: 8311, Time: 00:25:49

Health: -7/72      AC:  9    Str: 19    XL:     9   Next: 26%
Magic:  10/10      EV: 12    Int:  9    God:    Lugonu [*****.]
Gold:   146        SH:  0    Dex: 18    Spells: 8/8 levels left

rFire   . . .      SeeInvis +   a - +3 halberd
rCold   . . .      Faith    .   (no shield)
rNeg    . . .      Spirit   .   k - +0 ring mail
rPois   .          Reflect  .   (helmet unavailable)
rElec   .          Harm     .   o - +1 cloak {Will+}
rCorr   .          Rampage  .   m - +1 pair of gloves
Will    +....                   (no boots)
Stlth   +.........              (no amulet)
HPRegen 0.22/turn               c - ring of flight
MPRegen 0.12/turn               (no ring)

@: mighty, flying, invisible
A: permanent stasis, dig shafts and tunnels, antennae 3, four strong arms
a: Dig, Shaft Self, Renounce Religion, Depart the Abyss, Bend Space, Banish,
Corrupt, Enter the Abyss


You were on level 6 of the Dungeon.
You worshipped Lugonu.
Lugonu was extremely pleased with you.
You visited 1 branch of the dungeon, and saw 6 of its levels.
You visited the Abyss 1 time.
You also visited: Ossuary.

You collected 330 gold pieces.
You spent 184 gold pieces at shops.

Inventory:

Hand Weapons
 a - a +3 halberd (weapon)
 b - a +0 sling
 j - a +0 spear of flaming
 n - a +1 spear
Missiles
 i - 10 poisoned darts
 x - 3 atropa-tipped darts
 C - 2 silver boomerangs
 G - 6 boomerangs
Armour
 k - a +0 ring mail (worn)
 m - a +1 pair of gloves (worn)
 o - a +1 cloak of willpower (worn)
 y - a +0 leather armour of cold resistance
Magical Staves
 r - a staff of cold
Jewellery
 c - a ring of flight (left hand)
 D - an amulet of magic regeneration
Wands
 l - a wand of mindburst (10)
 I - a wand of flame (21)
 J - a wand of polymorph (4)
Scrolls
 g - 2 scrolls of enchant armour
 q - 2 scrolls of noise
 A - a scroll of poison {unknown}
 B - a scroll of immolation {unknown}
 E - a scroll of torment {unknown}
 F - a scroll of amnesia {unknown}
 H - a scroll of acquirement {unknown}
Potions
 d - a potion of attraction
 e - 5 potions of curing
 f - a potion of brilliance
 h - 3 potions of mutation
 p - 2 potions of ambrosia
 t - a potion of magic {unknown}
 u - a potion of might
 v - a potion of resistance {unknown}
 w - a potion of haste {unknown}
 z - 3 potions of heal wounds


   Skills:
 - Level 7.0 Fighting
 * Level 9.5 Polearms
 - Level 2.2 Armour
 + Level 2.9 Dodging
 - Level 2.2 Invocations


You had 8 spell levels left.
You didn't know any spells.
Your spell library contained the following spells:

 Spells                   Type           Power      Damage    Failure   Level
 Necrotise                Necr           0%         1d4       56%         1
 Summon Small Mammal      Summ           0%         N/A       56%         1
 Call Canine Familiar     Summ           0%         N/A       90%         3
 Gell's Gravitas          Tloc           0%         N/A       90%         3
 Ignite Poison            Fire/Tmut/Pois 0%         N/A       90%         3
 Lesser Beckoning         Tloc           0%         N/A       90%         3
 Mephitic Cloud           Conj/Pois/Air  0%         N/A       90%         3
 Summon Guardian Golem    Hex/Summ       0%         N/A       90%         3
 Teleport Other           Tloc           0%         N/A       90%         3
 Vampiric Draining        Necr           0%         2d6       90%         3
 Agony                    Necr           0%         N/A       100%        5
 Freezing Cloud           Conj/Ice/Air   0%         6-21      100%        5
 Manifold Assault         Tloc           0%         N/A       100%        5
 Dispersal                Tloc           0%         N/A       100%        6
 Simulacrum               Ice/Necr       0%         N/A       100%        6
 Storm Form               Tmut/Air       0%         N/A       100%        7
 Polar Vortex             Ice            0%         N/A       100%        9
 Blink                    Tloc           Unusable   N/A       N/A         2

Dungeon Overview and Level Annotations

Branches:
Dungeon (6/15)             Temple (0/1) D:6         Ossuary (visited)

Altars:
Dithmenos
Kikubaaqudgha
Makhleb
Xom
Zin

Shops:
D:1 !   D:3 !   D:4 [


Innate Abilities, Weirdness & Mutations

You cannot be hasted, slowed, berserked, paralysed or teleported.
You can dig through walls and to a lower floor.
You have a pair of large antennae on your head. (SInv)
Your four strong arms can wield two-handed weapons with a shield.


Message History

The orc warrior is severely wounded.
The orc warrior closely misses you.
You barely miss the orc warrior.
The orc warrior is severely wounded.
The orc warrior hits you with a +0 long sword!
You hit the orc warrior but do no damage.
The orc warrior is severely wounded.
The orc warrior barely misses you.
You hit the orc warrior.
The orc warrior is severely wounded.
The orc warrior hits you with a +0 long sword!
* * * LOW HITPOINT WARNING * * *
Okay, then.
Unknown command.
Okay, then.
Unknown command.
Okay, then.
Unknown command.
You fade into invisibility!
The orc warrior hits you with a +0 long sword.
* * * LOW HITPOINT WARNING * * *
You feel very mighty all of a sudden.
The orc warrior hits you but does no damage.
The orc wizard gestures at you while chanting.
The magic dart hits the orc.
The orc shouts!
You closely miss the orc warrior.
The orc warrior is severely wounded.
You catch the helpless orc completely off-guard!
You slash the orc!
You kill the orc!
Lugonu accepts your kill.
You catch the helpless orc completely off-guard!
You impale the orc!!
You kill the orc!
Lugonu accepts your kill.
The orc warrior unwields a +0 long sword.
The orc warrior wields a +0 arbalest.
The orc warrior shoots a bolt.
The bolt hits you!!
You die...

,,,,*,*,******,..##...##.##.)#..#
,,,,*,*,* *,#.##...#..........
***,*,*,* *,#.##...#.≈.≈≈≈.≈≈≈ *
*,*,*,** *,#.##...#.≈...≈.≈.. *
*,*,*,,*****,#.##...#.≈≈≈.≈.≈.≈
***,*,****,,,**#..#...#...≈.≈.≈.≈
,**,*,* *,,,,,*#........_........
,**,*,* *,,>,,*#.##.......≈.≈.≈.≈
,,,,,,* *,,,,,*#@###....≈≈≈.≈.≈.~
,**,*** **,,,**#)#*#....≈...≈.≈,,
,**,* **+**,ooo*#....≈.≈≈≈.≈~~
,**,* *,,,,.oJo##...........,,
***,* *,*,...o.##...........,*
*,* *,*......##...........,*
***,*** *,#......#*****,,,,,,,,*
,,,,,,* *,#.......,,,,,,,,,,,,,*
,,,,,,* *,*,,,,,,,,,,,,*,,,,,,,,


You could see an orc warrior (unable to see you), a jelly, an orc wizard (unable
to see you) and 4 orcs.

Vanquished Creatures
  Grinder (D:3)
  Menkaure (Ossuary)
  An ice beast (D:6)
  A black bear (D:4)
  An ogre (D:5)
  2 phantoms (D:6)
  A bullfrog (D:6)
  A scorpion (D:6)
  4 hounds (D:5)
  2 jellies (D:6)
  Crazy Yiuf (D:2)
  3 orc priests
  A gnoll bouda (D:4)
  2 iguanas (D:5)
  5 orc wizards
  3 mummies (Ossuary)
  7 adders
  12 gnolls
  2 ufetubi (D:5)
  2 worms (D:3)
  4 dart slugs
  21 orcs
  7 ball pythons
  4 endoplasms
  A giant cockroach (D:6)
  9 goblins
  13 hobgoblins
  9 jackals
  6 quokkas
  6 bats
  5 frilled lizards
  3 gnoll skeletons (Ossuary)
  3 gnoll zombies (Ossuary)
  3 goblin skeletons (Ossuary)
  5 goblin zombies (Ossuary)
  4 hobgoblin skeletons (Ossuary)
  2 hobgoblin zombies (Ossuary)
  5 kobolds
  2 kobold skeletons (Ossuary)
  2 kobold zombies (Ossuary)
  8 orc skeletons (Ossuary)
  7 orc zombies (Ossuary)
  7 rats
  5 rat skeletons (Ossuary)
  6 rat zombies (Ossuary)
200 creatures vanquished.

Notes
Turn   | Place    | Note
-------+----------+-------------------------------------------
     0 | Abyss:1  | porpoise the Formicid Abyssal Knight began the quest for
                  | the Orb.
     0 | Abyss:1  | Reached XP level 1. HP: 18/18 MP: 2/2
   126 | Abyss:1  | Noticed a small abomination
   127 | D:1      | Escaped the Abyss
   238 | D:1      | Reached XP level 2. HP: 6/24 MP: 3/3
   919 | D:1      | Reached XP level 3. HP: 29/29 MP: 4/4
  1146 | D:1      | Found a faded altar of an unknown god.
  1151 | D:1      | Reached skill level 3 in Polearms
  1325 | D:1      | Found Bawutink's Distillery.
  1343 | D:1      | Bought a potion of curing for 39 gold pieces
  1343 | D:1      | Bought a potion of degeneration for 13 gold pieces
  1454 | D:2      | Reached XP level 4. HP: 20/37 MP: 5/5
  1633 | D:2      | Found a runed translucent door.
  1634 | D:2      | Noticed Crazy Yiuf
  1644 | D:2      | Killed Crazy Yiuf
  1645 | D:2      | Reached skill level 4 in Polearms
  1645 | D:2      | Reached XP level 5. HP: 9/42 MP: 6/6
  2220 | D:2      | Reached *** piety under Lugonu
  2936 | D:3      | Reached XP level 6. HP: 47/49 MP: 7/7
  2969 | D:3      | Noticed Grinder
  2980 | D:3      | Killed Grinder
  2981 | D:3      | Reached skill level 5 in Fighting
  2981 | D:3      | Reached skill level 5 in Polearms
  2981 | D:3      | Reached XP level 7. HP: 43/56 MP: 8/8
  3152 | D:3      | Found Yteizog's Distillery.
  3166 | D:3      | Bought a potion of mutation for 88 gold pieces
  3166 | D:3      | Bought a potion of might for 44 gold pieces
  3541 | D:4      | Reached skill level 6 in Polearms
  3869 | D:4      | Found an ancient bone altar of Kikubaaqudgha.
  4382 | D:4      | Found Hebymotz's Armour Shop.
  4851 | D:5      | Entered Level 5 of the Dungeon
  5204 | D:5      | Reached skill level 7 in Polearms
  5204 | D:5      | Reached XP level 8. HP: 64/64 MP: 9/9
  5206 | D:5      | Reached **** piety under Lugonu
  6090 | D:5      | Reached skill level 8 in Polearms
  6091 | D:5      | Found a glowing silver altar of Zin.
  6344 | D:6      | Found a sand-covered staircase.
  6349 | Ossuary  | Entered an ossuary
  7412 | Ossuary  | Reached ***** piety under Lugonu
  7773 | Ossuary  | Noticed Menkaure
  7780 | Ossuary  | Reached skill level 1 in Dodging
  7781 | Ossuary  | Killed Menkaure
  7912 | D:6      | Reached XP level 9. HP: 71/72 MP: 10/10
  7961 | D:6      | Reached skill level 9 in Polearms
  8052 | D:6      | Found a shimmering altar of Xom.
  8125 | D:6      | Found a burning altar of Makhleb.
  8125 | D:6      | Found a shadowy altar of Dithmenos.
  8311 | D:6      | Shot with a bolt by an orc warrior

Illustrated notes

Levels and vault maps discovered:
D:1:      dpeg_arrival_circle_labyrinth_a, layout_basic,
          dreamdust_ecumenical_altar_angels_and_demons, serial_shops,
          nicolae_shop_hallway_stairs
D:2:      layout_rooms, minmay_increasing_density, uniq_crazy_yiuf_cottage
D:3:      layout_basic, serial_shops, nicolae_square_shop, minmay_hedge_maze,
          minivault_25, uniq_grinder
D:4:      layout_basic, nicolae_kikubaaqudgha_miasma_corner, serial_shops,
          nicolae_shop_window_shopping, chequers_serial_rivers_micro_e
D:5:      cheibrodos_quashed, layout_loops_corners, zin_academy,
          grunt_ministairs_15, nicolae_hexahallways
D:6:      layout_basic, mainiacjoe_overflow_large_starburst, dk_xom_monty_hall,
          minmay_temple_entry_enclosed_plants, portal_sewer_entry_b,
          nicolae_ossuary_entry_plus

Skill      XL: |  1  2  3  4  5  6  7  8  9 |
---------------+----------------------------+-----
Polearms       | 3 4 5 7 8 9 |  9.5
Fighting       | 4 5 6 7 |  7.0
Dodging        | 1 2 |  2.9
Armour         | |  2.2
Invocations    | |  2.2

Action                   |  1- 3 |  4- 6 |  7- 9 || total
-------------------------+-------+-------+-------++-------
Melee: Spear             |   106 |    20 |       ||   126
       Halberd           |       |    94 |   265 ||   359
       Punch             |       |       |     2 ||     2
 Fire: Sling             |    12 |       |    74 ||    86
Invok: Depart the Abyss  |     1 |       |       ||     1
Evoke: Wand              |     2 |     1 |       ||     3
  Use: Scroll            |       |       |    11 ||    11
       Potion            |       |       |     2 ||     2
 Stab: Invisible         |       |       |     2 ||     2
Armor: Leather armour    |    30 |       |       ||    30
       Ring mail         |     5 |    39 |    68 ||   112
Dodge: Dodged            |    62 |    38 |    76 ||   176
